 Dungeon Sprint DCSS version 0.27.1-1-g398f81649c (webtiles) character file.

Game seed: 6029707754436263034

0 ugugthedestroyer the Skirmisher (level 1, -19/27 HPs)
             Began as a Demonspawn Abyssal Knight on Sept 7, 2021.
             Was a Follower of Lugonu.
             Demolished by an ogre (21 damage)
             ... in the Dungeon (Sprint VI: "Thunderdome").
             The game lasted 00:00:19 (21 turns).

ugugthedestroyer the Skirmisher (DsAK)                Turns: 21, Time: 00:00:20

Health: -19/27     AC:  3    Str: 12    XL:     1   Next: 16%
Magic:  2/2        EV: 11    Int: 13    God:    Lugonu [*.....]
Gold:   200        SH:  0    Dex: 12    Spells: 0/0 levels left

rFire    . . .     SeeInvis .   a - +1 falchion
rCold    . . .     Faith    .   (no shield)
rNeg     . . .     Spirit   .   b - +0 leather armour
rPois    .         Reflect  .   (no helmet)
rElec    .         Harm     .   (no cloak)
rCorr    .         Rampage  .   (no gloves)
Will     .....     NoTele   +   (no boots)
Stlth    ..........             (no amulet)
HPRegen  0.09/turn              (no ring)
MPRegen  0.08/turn              (no ring)

@: berserking (expiring), very quick
A: no striking features
a: Renounce Religion


You were in the Dungeon.
You worshipped Lugonu.
Lugonu was aware of your devotion.
You visited 1 branch You collected 200 gold pieces.

Inventory:

Hand Weapons
 a - a +1 falchion (weapon)
Armour
 b - a +0 leather armour (worn)
Wands
 j - a wand of acid (5)
 k - a wand of iceblast (5)
Scrolls
 h - 4 scrolls of blinking
 l - 3 scrolls of fog
Potions
 c - a potion of curing
 d - 4 potions of heal wounds
 e - 4 potions of haste
 f - 2 potions of magic
 i - a potion of resistance


   Skills:
 + Level 3.3 Fighting
 + Level 2.1 Long Blades
 + Level 1.9 Armour
 + Level 0.8 Dodging
 + Level 2.5 Invocations


You couldn't memorise any spells.
You didn't know any spells.
Your spell library was empty.

Dungeon Overview and Level Annotations

Branches:
Dungeon (1/1)

Altars:
Cheibriados
Fedhas
Makhleb
Qazlal
Trog
Uskayaw
Vehumet
Xom
The Shining One
Beogh
Lugonu

Shops:
D *[???:(

Annotations:
D Sigmund


Message History

The bat skeleton hits you.
Sigmund the Dreaded comes into view.
He is wielding a +0 scythe and carrying a wand of digging (6).
The bat skeleton barely misses you.
You riposte.
Sigmund shouts!
You hit the bat skeleton.
You destroy the bat skeleton!
Lugonu accepts your kill.
Your Long Blades skill increases to level 2!
Unknown command.
Found a glowing golden altar of the Shining One.
Sigmund laughs darkly.
You don't know any spells.
A red film seems to cover your vision as you go berserk!
You feel yourself moving faster!
You feel mighty!
An ogre comes into view. It is wielding a +0 giant club.
Found Ykkorior's Magic Scroll Shop.
You feel a strong urge to attack something.
The ogre shouts!
Found three shops.
Found three altars.
Sigmund gestures at you while chanting. The magic dart hits you.
You feel your anger nearly subside. Sigmund barely misses you.
You riposte.
You barely miss Sigmund. You slash Sigmund!
Sigmund is heavily wounded.
You closely miss Sigmund.
Sigmund is heavily wounded.
Sigmund barely misses you.
You barely miss Sigmund.
Sigmund is heavily wounded.
The ogre hits you with a +0 giant club!
You hit Sigmund.
Sigmund is severely wounded.
Sigmund hits you with a +0 scythe!
* * * LOW HITPOINT WARNING * * *
You closely miss Sigmund.
Sigmund is severely wounded.
The ogre hits you with a +0 giant club!!
Ouch! That really hurt!
You die...

##∩.....∩##
#∩.......∩#
#_......._#
#_......._#
#_......._#
###.........###
#⌠...O@......⌠#
######.8..@......8.#
##.___......###......
#∩........8.# .8...
............###.....
.........###...#
.........# #.<.#
.........# #...#
............###...
#∩........8. .8...


You could see Sigmund and an ogre.

Vanquished Creatures
  A bat skeleton (D)
1 creature vanquished.

Notes
Turn   | Place    | Note
-------+----------+-------------------------------------------
     0 | D        | ugugthedestroyer the Demonspawn Abyssal Knight began the
                  | quest for the Orb.
     0 | D        | Reached XP level 1. HP: 18/18 MP: 2/2
     4 | D        | Found a corrupted altar of Lugonu.
     4 | D        | Found a stormy altar of Qazlal.
     5 | D        | Found a blossoming altar of Fedhas.
     5 | D        | Found a burning altar of Makhleb.
     5 | D        | Round 1.
     6 | D        | Found a radiant altar of Vehumet.
     6 | D        | Found a snail-covered altar of Cheibriados.
     7 | D        | Found a bloodstained altar of Trog.
     7 | D        | Found Zutweo's Identification Station.
     8 | D        | Found Jocei's Jewellery.
     8 | D        | Found Erghoxiy's Advanced Armour.
    11 | D        | Noticed Sigmund
    13 | D        | Noticed an ogre
    14 | D        | Found Ykkorior's Magic Scroll Shop.
    15 | D        | Found a hide-covered altar of Uskayaw.
    15 | D        | Found a shimmering altar of Xom.
    15 | D        | Found Pottox's Staff Store.
    15 | D        | Found Karyhei's Magic Scroll Shop.
    15 | D        | Found Wol Zidgh's Must-Have Magic.
    21 | D        | Demolished by an ogre

Illustrated notes

Levels and vault maps discovered:
D:        arena_sprint

Skill      XL: |  1 |
---------------+----+-----
Long Blades    | 2 |  2.1
Fighting       | |  3.3
Armour         | |  1.9
Dodging        | |  0.8
Invocations    | |  2.5

Action                   || total
-------------------------++-------
Melee: Falchion          ||     6
  Use: Potion            ||     1
Armor: Leather armour    ||     3
Dodge: Dodged            ||     8
       Rpst.: Falchion   ||     3
